 Dungeon Crawl Stone Soup version 0.28.0-53-g5a82cb258f (webtiles) character file.

Game seed: 13907907165575641681

325 pkoi the Conjurer (level 6, -8/45 HPs)
             Began as a Demigod Hedge Wizard on May 21, 2022.
             Mangled by Edmund
             ... wielding a +4 flail of holy wrath
              (13 damage)
             ... on level 4 of the Dungeon.
             The game lasted 00:07:55 (7797 turns).

pkoi the Conjurer (Demigod Hedge Wizard)            Turns: 7797, Time: 00:07:55

Health: -8/45      AC:  5    Str: 11    XL:     6   Next: 3%
Magic:  5/13       EV: 12    Int: 24    God:
Gold:   76         SH:  0    Dex: 13    Spells: 2/11 levels left

rFire   . . .      SeeInvis .   g - +0 dagger (speed)
rCold   . . .      Faith    .   (no shield)
rNeg    . . .      Spirit   .   m - +1 robe {Archmagi}
rPois   .          Reflect  .   d - +0 helmet
rElec   .          Harm     .   (no cloak)
rCorr   .          Rampage  .   e - +0 pair of gloves
Will    .....      Archmagi +   (no boots)
Stlth   ++........              (no amulet)
HPRegen 0.15/turn               (no ring)
MPRegen 0.13/turn               (no ring)

@: no status effects
A: high MP 1, forlorn, divine attributes
a: no special abilities


You were on level 4 of the Dungeon.
You visited 1 branch of the dungeon, and saw 4 of its levels.

You collected 76 gold pieces.

Inventory:

Hand Weapons
 a - a +0 dagger
 f - a +0 short sword
 g - a +0 dagger of speed (weapon)
 l - a +1 vorpal hand axe
Armour
 b - a +0 robe
 c - a +0 hat
 d - a +0 helmet (worn)
 e - a +0 pair of gloves (worn)
 m - a +1 robe of the Archmagi (worn)
Scrolls
 h - a scroll of identify
Potions
 i - a potion of might {unknown}
 j - 2 potions of heal wounds {unknown}
 k - 2 potions of mutation {unknown}


   Skills:
 - Level 1.7 Dodging
 - Level 1.7 Stealth
 - Level 3.0 Spellcasting
 + Level 4.0 Conjurations
 + Level 2.2 Hexes
 - Level 0.8 Summonings
 - Level 3.0 Translocations


You had 2 spell levels left.
You knew the following spells:

 Your Spells              Type           Power      Damage    Failure   Level
a - Magic Dart            Conj           100%       1d8       1%          1
b - Blink                 Tloc           54%        N/A       4%          2
c - Searing Ray           Conj           68%        2d6       3%          2
d - Fulminant Prism       Conj/Hex       14%        3d9       30%         4

Your spell library contained the following spells:

 Spells                   Type           Power      Damage    Failure   Level
 Slow                     Hex            84%        N/A       4%          1
 Call Imp                 Summ           11%        N/A       12%         2
 Conjure Flame            Conj/Fire      19%        6-21      14%         3
 Mephitic Cloud           Conj/Pois/Air  15%        N/A       19%         3


Dungeon Overview and Level Annotations

Branches:
Dungeon (4/15)
 Temple: D:4-7

Shops:
D:1 ?

Annotations:
D:4 Edmund


Innate Abilities, Weirdness & Mutations

You have an increased reservoir of magic. (+10% MP)
You shall have no god before yourself.
Your divine heritage dramatically boosts your attributes as you level up.


Message History

Edmund hits you with a +4 flail of holy wrath!
Edmund misses you.
There is a stone staircase leading up here.
Unknown command.
Casting: Searing Ray (safe; 3% risk of failure)
Confirm with . or Enter, or press ? or * to list all spells.
Aiming: Searing Ray (safe; 3% risk of failure)
Press: ? - help, Shift-Dir - straight line, f - Edmund
Aim: Edmund, wielding a +4 flail of holy wrath and wearing a +0 ring mail (83% to hit)
You feel a surge of power!
The searing ray hits Edmund.
Edmund is lightly wounded. (Press . to maintain the ray.) Edmund hits you with a +4 flail of holy wrath!
* * * LOW HITPOINT WARNING * * *
The searing ray hits Edmund!
Edmund is moderately wounded.
Edmund hits you with a +4 flail of holy wrath!
* * * LOW HITPOINT WARNING * * *
The searing ray hits Edmund!
Edmund is heavily wounded.
Edmund hits you with a +4 flail of holy wrath!
* * * LOW HITPOINT WARNING * * *
Unknown command.
The searing ray misses Edmund.
You finish channelling your searing ray.
Edmund closely misses you.
Casting: Searing Ray (safe; 3% risk of failure)
Confirm with . or Enter, or press ? or * to list all spells.
Aiming: Searing Ray (safe; 3% risk of failure)
Press: ? - help, Shift-Dir - straight line, f/p - Edmund
Aim: Edmund, wielding a +4 flail of holy wrath and wearing a +0 ring mail (heavily wounded, 83% to hit)
You feel a surge of power!
The searing ray hits Edmund but does no damage.
Edmund is heavily wounded. (Press . to maintain the ray.) Edmund barely misses you.
The searing ray hits Edmund.
Edmund is severely wounded.
Edmund hits you with a +4 flail of holy wrath!
You die...

#### ..# #.#
###.###.###.
#..@........
#.#@........
..........##.
.....#####(..#
...#.. .....
.. ## .... .
#.. ..


You could see Edmund.

Vanquished Creatures
  Blork the orc (D:3)
  A scorpion (D:3)
  An iguana (D:3)
  3 adders
  4 gnolls (D:3)
  A worm (D:2)
  4 dart slugs
  10 orcs
  6 endoplasms
  3 giant cockroaches (D:1)
  7 goblins
  12 hobgoblins
  7 kobolds
  5 quokkas
  6 ball pythons
  8 bats
  4 frilled lizards
  10 rats
93 creatures vanquished.

Vanquished Creatures (others)
  7 plants (D:3)
7 creatures vanquished.

Grand Total: 100 creatures vanquished

Notes
Turn   | Place    | Note
-------+----------+-------------------------------------------
     0 | D:1      | pkoi the Demigod Hedge Wizard began the quest for the Orb.
     0 | D:1      | Reached XP level 1. HP: 14/14 MP: 6/6
    21 | D:1      | Reached skill level 1 in Conjurations
   439 | D:1      | Reached skill level 2 in Conjurations
   453 | D:1      | Reached XP level 2. HP: 20/20 MP: 1/8
   773 | D:1      | Learned a level 2 spell: Blink
   989 | D:1      | Found Tutozut's Magic Scroll Emporium.
  1001 | D:1      | Reached skill level 1 in Translocations
  2034 | D:1      | Reached XP level 3. HP: 26/26 MP: 5/10
  2719 | D:2      | Learned a level 2 spell: Searing Ray
  4902 | D:3      | Reached XP level 4. HP: 25/33 MP: 6/11
  4903 | D:3      | Reached skill level 3 in Conjurations
  5196 | D:3      | Learned a level 4 spell: Fulminant Prism
  6249 | D:3      | Reached XP level 5. HP: 38/38 MP: 9/12
  6282 | D:3      | Reached skill level 1 in Hexes
  7189 | D:4      | Noticed Blork the orc
  7193 | D:4      | Noticed Edmund
  7586 | D:3      | Killed Blork the orc
  7587 | D:3      | Reached skill level 4 in Conjurations
  7587 | D:3      | Reached XP level 6. HP: 16/45 MP: 4/13
  7797 | D:4      | Mangled by Edmund

Illustrated notes

Levels and vault maps discovered:
D:1:      minmay_arrival_glassed_features, layout_loops_ring,
          hellmonk_ecumenical_altar_crossroads, serial_shops,
          nicolae_shop_trees, minmay_distorted
D:2:      layout_loops_cross
D:3:      corexii_shack_village, layout_loops_cross, minmay_tree_intersection,
          serial_bayou_crossing
D:4:      layout_loops_ring, jmf_multi_god_temple2, minmay_pentomino_pile,
          uniq_blork_the_orc, uniq_natasha, uniq_edmund

Skill      XL: |  1  2  3  4  5 |
---------------+----------------+-----
Conjurations   | 2 3 4 |  4.0
Translocations | 1 2 3 |  3.0
Spellcasting   | 3 |  3.0
Hexes          | 2 |  2.2
Dodging        | |  1.7
Stealth        | |  1.7
Summonings     | |  0.8

Action                   |  1- 3 |  4- 6 || total
-------------------------+-------+-------++-------
Melee: Dagger            |    33 |     4 ||    37
       Punch             |     1 |       ||     1
 Cast: Magic Dart        |   154 |    57 ||   211
       Searing Ray       |     6 |    15 ||    21
  Use: Scroll            |     3 |     1 ||     4
       Potion            |       |     1 ||     1
 Stab: Sleeping          |     2 |       ||     2
Armor: Robe              |    13 |     2 ||    15
       Skin              |       |     4 ||     4
Dodge: Dodged            |    36 |    25 ||    61
